 Dungeon Crawl Stone Soup version 0.25-a0-707-g603da076d2 (webtiles) character file.

Game seed: 1680539909421285593, levelgen mode: deterministic

23 MisterFreud the Ducker (level 2, -1/15 HPs)
             Began as a Felid Berserker on Apr 4, 2020.
             Was a Follower of Trog.
             Slain by a goblin
             ... wielding a +1 spear of venom
              (4 damage)
             ... on level 2 of the Dungeon.
             The game lasted 00:01:42 (676 turns).

MisterFreud the Ducker (Felid Berserker)             Turns: 676, Time: 00:01:43

Health: -1/15      AC:  1    Str: 13    XL:     2   Next: 72%
Magic:  3/3        EV: 19    Int:  8    God:    Trog [*.....]
Gold:   17         SH:  0    Dex: 15    Spells: 1/1 levels left
                                        Lives:  0   Deaths: 0

rFire    . . .     SeeInvis +     - Unarmed
rCold    . . .     Gourm    .   (shield unavailable)
rNeg     . . .     Faith    .   (armour unavailable)
rPois    .         Spirit   .   (helmet unavailable)
rElec    .         Reflect  .   (cloak unavailable)
rCorr    .         Harm     .   (gloves unavailable)
MR       .....                  (boots unavailable)
Stlth    ++........             (no amulet)
HPRegen  0.05/turn              (no ring)
MPRegen  0.08/turn              (no ring)

@: lethally poisoned (-1 -> -26), berserk cooldown, hasted and slowed, quick
A: very small, no armour, no weapons or thrown items, stealth, claws 1, fangs 3,
see invisible, carnivore, speed 1, shaggy fur 1, slow metabolism 1, sharp paws
a: Berserk, Renounce Religion


You were on level 2 of the Dungeon.
You worshipped Trog.
Trog was aware of your devotion.
You were not hungry.

You visited 1 branch of the dungeon, and saw 2 of its levels.

You collected 17 gold pieces.

Inventory:

Comestibles
 a - 3 rations


   Skills:
 * Level 4.0 Fighting
 - Level 4.0 Dodging
 - Level 3.0 Unarmed Combat


You had one spell level left.
You didn't know any spells.
Your spell library was empty.

Dungeon Overview and Level Annotations

Branches:
Dungeon (2/15)

Altars:
Qazlal
Uskayaw


Innate Abilities, Weirdness & Mutations

You cannot wear armour.
You are incapable of wielding weapons or throwing items.
Your paws allow you to move quietly. (Stealth)
You have sharp claws.
You have razor-sharp teeth.
You have supernaturally acute eyesight. (SInv)
You are carnivorous and can eat meat at any time.
You cover ground quickly.
You are covered in fur. (AC +1)
You have a slow metabolism.
Your sharp claws are effective at attacking unaware monsters.


Message History

You closely miss the goblin.
* * * LOW HITPOINT WARNING * * *
You feel sick. The goblin misses you.
It was a potion of curing.
You feel better. The goblin completely misses you.
You're still recovering from your berserk rage.
You barely miss the goblin.
The goblin hits you with a +1 spear of venom.
You are poisoned.
The goblin hits you with a +1 spear of venom.
You are lethally poisoned!
You scratch the goblin.
The goblin is moderately wounded.
You feel sick. The goblin completely misses you.
Unknown command.
It was a potion of haste.
You feel yourself speed up.
* * * LOW HITPOINT WARNING * * *
You feel sick. The goblin hits you but does no damage.
You are more poisoned.
The goblin hits you with a +1 spear of venom.
You die...

########.#
.........#.# #.#
#######..#.# #.#
..... #..#.# #.#
..... #..#.# #.#
..... #..#.# #.#
##### #..#.# #(#
....# #..#.# #.#
....# #....# #@#
#####.##.#######g#
.^.....g.(.((()..#
#####.##.#########
......##.#
########.# # #.# #
#.# # #?#


You could see a goblin.

Vanquished Creatures
  An adder (D:2)
  A worm (D:2)
  A giant cockroach (D:2)
  2 goblins (D:2)
  A jackal (D:1)
  A bat (D:1)
  2 frilled lizards
  A kobold (D:2)
  2 rats (D:2)
12 creatures vanquished.

Notes
Turn   | Place    | Note
-------+----------+-------------------------------------------
     0 | D:1      | MisterFreud the Felid Berserker began the quest for the
                  | Orb.
     0 | D:1      | Reached XP level 1. HP: 10/10 MP: 2/2
   331 | D:2      | Reached XP level 2. HP: 15/15 MP: 3/3
   413 | D:2      | Found a hide-covered altar of Uskayaw.
   413 | D:2      | Noticed a +0 hand axe
   413 | D:2      | Noticed a +0 dagger
   566 | D:2      | Found a stormy altar of Qazlal.
   676 | D:2      | Slain by a goblin

Levels and vault maps discovered:
D:1:      lightli_arrival_maybe_door_vault, layout_loops_ring, nrook_uturn
D:2:      layout_basic, nicolae_qazlal_general_emergency,
          dancing_weapons_uskayaw

Skill      XL: |  1  2 |
---------------+-------+-----
Fighting       | 4 |  4.0
Dodging        | |  4.0
Unarmed Combat | |  3.0

Action                   || total
-------------------------++-------
Melee: Unarmed           ||    33
       Bite              ||     7
Invok: Berserk           ||     5
  Use: Potion            ||     2
 Stab: Sleeping          ||     1
  Eat: Chunk             ||     6
Armor: Skin              ||     2
Dodge: Dodged            ||    61

Table legend:
 A = Non-vault XP
 B = Vault XP
 C = Vault XP percentage of total XP
 D = Non-vault monster count
 E = Vault monster count
 F = Vault count percentage of total count
                 A         B        C        D         E       F
            +---------+---------+-------+---------+---------+-------
      Total |      33 |       0 |   0.0 |      12 |       0 |   0.0
            +---------+---------+-------+---------+---------+-------
        D:1 |       4 |       0 |   0.0 |       3 |       0 |   0.0
        D:2 |      29 |       0 |   0.0 |       9 |       0 |   0.0
            +---------+---------+-------+---------+---------+-------
